 Dungeon Crawl Stone Soup version 0.25-a0-1113-g0499d652a8 (webtiles) character file.

Game seed: 15351300963605477799, levelgen mode: deterministic

422868 vurker the Warrior (level 23, -10/131 HPs)
             Began as a Vine Stalker Assassin on May 16, 2020.
             Was a Follower of Uskayaw.
             Killed from afar by a tengu reaver (13 damage)
             ... with a bolt of poison
             ... on level 4 of the Vaults.
             The game lasted 01:50:17 (42824 turns).

vurker the Warrior (Vine Stalker Assassin)         Turns: 42824, Time: 01:50:17

Health: -10/131    AC: 35    Str: 24    XL:     23   Next: 74%
Magic:  0/36       EV: 17    Int:  8    God:    Uskayaw [*.....]
Gold:   1404       SH: 17    Dex: 23    Spells: 22/22 levels left

rFire    + + +     SeeInvis +   b - +0 dagger (elec)
rCold    + . .     Gourm    .   P - +2 kite shield {rC+}
rNeg     + . .     Faith    .   A - +8 chain mail "Qinyrhok" {+Inv rN+ Int-3 Stlth+}
rPois    +         Spirit   +   t - +1 helmet
rElec    .         Reflect  .   S - +4 cloak "Gixtuzxa" {rPois rF+ Dex+3}
rCorr    .         Harm     .   h - +0 pair of gloves "Hesupn" {Regen+ Dex+4 SInv}
MR       +++..                  Y - +2 pair of boots {run}
Stlth    +++++.....             H - amulet of Necegut {rPois rF+ Regen+ Slay+3}
HPRegen  1.91/turn              m - ring "Udouxt" {rF+ MR+}
MPRegen  0.25/turn              X - +4 ring of slaying

@: about to teleport, studying Armour, quick
A: fangs 3, regeneration 2, magic shield, antimagic bite, no potion heal 3, rot
immunity
}: 2/15 runes: serpentine, barnacled
a: Stomp, Renounce Religion, Evoke Invisibility


You were on level 4 of the Vaults.
You worshipped Uskayaw.
Uskayaw was most pleased with you.
You were near starving.

You visited 8 branches of the dungeon, and saw 39 of its levels.
You also visited: Sewer, Gauntlet, Ice Cave and Volcano.

You collected 6115 gold pieces.
You spent 4711 gold pieces at shops.

Inventory:

Hand Weapons
 a - the +4 short sword of the Eel {venom, rElec}
   (You found it on level 5 of the Dungeon)

   It poisons the flesh of those it strikes.
   It insulates you from electricity.
 b - a +0 dagger of electrocution (weapon)
   (You took it off a wizard on level 14 of the Dungeon)
 k - a +0 quick blade
   (You bought it in a shop on level 2 of the Shoals)
Missiles
 y - 18 curare-tipped darts
 Z - 34 silver javelins (quivered)
Armour
 h - the +0 pair of gloves "Hesupn" (worn) {Regen+ Dex+4 SInv}
   (You bought it in a shop on level 2 of the Orcish Mines)

   It affects your dexterity (+4).
   It lets you see invisible.
   It increases your rate of regeneration.
 t - a +1 helmet (worn)
   (You found it on level 14 of the Dungeon)
 A - the +8 chain mail "Qinyrhok" (worn) {+Inv rN+ Int-3 Stlth+}
   (You found it on level 4 of the Dungeon)

   It affects your intelligence (-3).
   It protects you from negative energy.
   It lets you turn invisible.
   It makes you more stealthy.
 P - a +2 kite shield of cold resistance (worn)
   (You bought it in a shop on level 2 of the Orcish Mines)
 S - the +4 cloak "Gixtuzxa" (worn) {rPois rF+ Dex+3}
   (You found it on level 6 of the Lair of Beasts)

   It affects your dexterity (+3).
   It protects you from fire.
   It protects you from poison.
 Y - a +2 pair of boots of running (worn)
   (You found it on level 3 of the Elven Halls)
Jewellery
 m - the ring "Udouxt" (left hand) {rF+ MR+}
   (You bought it in a shop on level 2 of the Orcish Mines)

   [ring of protection from magic]

   It protects you from fire.
   It affects your resistance to hostile enchantments.
 H - the amulet of Necegut (around neck) {rPois rF+ Regen+ Slay+3}
   (You bought it in a shop on level 9 of the Dungeon)

   [amulet of regeneration]

   It affects your accuracy and damage with ranged weapons and melee attacks
   (+3).
   It protects you from fire.
   It protects you from poison.
   It increases your rate of regeneration.
 N - an uncursed ring of flight
   (You found it in an ice cave)
 X - a +4 ring of slaying (right hand)
   (You found it on level 2 of the Shoals)
Wands
 c - a wand of disintegration (30)
   (You found it on level 7 of the Dungeon)
 d - a wand of iceblast (40)
   (You found it on level 2 of the Dungeon)
 u - a wand of paralysis (30)
   (You found it on level 4 of the Dungeon)
 v - a wand of digging (19)
   (You took it off Ijyb on level 4 of the Dungeon)
 x - a wand of acid (29)
   (You found it on level 8 of the Dungeon)
 J - a wand of polymorph (48)
   (You found it on level 5 of the Dungeon)
 U - a wand of clouds (2)
   (You found it on level 2 of the Snake Pit)
Scrolls
 i - 16 scrolls of teleportation
 l - 3 scrolls of fog
 n - 7 scrolls of enchant armour
 r - 2 scrolls of silence
 w - 6 scrolls of enchant weapon
 z - 27 scrolls of remove curse
 G - a scroll of identify
 I - 5 scrolls of vulnerability
 K - 2 scrolls of summoning
 L - 4 scrolls of magic mapping
 M - 3 scrolls of immolation
 W - 4 scrolls of fear
Potions
 g - 32 potions of curing
 j - a potion of magic
 o - 3 potions of flight
 q - 7 potions of stabbing
 s - 2 potions of cancellation
 C - 12 potions of might
 D - 8 potions of lignification
 E - a potion of haste
 O - 3 potions of ambrosia
 Q - 3 potions of resistance
 R - 6 potions of invisibility
Books
 f - a manual of Armour
   (You bought it in a shop on level 2 of the Elven Halls)
Miscellaneous
 B - a phial of floods
   (You found it on level 11 of the Dungeon)
 F - 2 phantom mirrors
 T - 4 boxes of beasts
Comestibles
 e - 56 rations
 p - 12 chunks of flesh


   Skills:
 * Level 17.4 Fighting
 - Level 12.0 Short Blades
 - Level 1.7 Throwing
 * Level 15.0 Armour
 + Level 10.8 Dodging
 + Level 16.1 Stealth
 - Level 15.0 Shields
 * Level 17.4 Invocations
 - Level 5.0 Evocations


You had 22 spell levels left.
You didn't know any spells.
Your spell library contained the following spells:

 Spells                   Type           Power        Failure   Level  Hunger
 Animate Skeleton         Necr           N/A          88%         1    ##.....
 Apportation              Tloc           #.....       88%         1    ##.....
 Beastly Appendage        Tmut           #.....       88%         1    ##.....
 Corona                   Hex            #......      88%         1    ##.....
 Foxfire                  Conj/Fire      #...         88%         1    ##.....
 Pain                     Necr           #...         88%         1    ##.....
 Sandblast                Erth           #.....       88%         1    ##.....
 Summon Butterflies       Summ           #.......     88%         1    ##.....
 Summon Small Mammal      Summ           #...         88%         1    ##.....
 Blink                    Tloc           N/A          95%         2    ###....
 Call Imp                 Summ           #.......     95%         2    ###....
 Corpse Rot               Necr/Air       N/A          95%         2    ###....
 Ensorcelled Hibernation  Hex/Ice        #.....       95%         2    ###....
 Passwall                 Tmut/Erth      #.......     95%         2    ###....
 Poisonous Vapours        Pois/Air       #.....       95%         2    ###....
 Shroud of Golubria       Chrm/Tloc      #.....       95%         2    ###....
 Slow                     Hex            #.......     95%         2    ###....
 Sticks to Snakes         Tmut           #.......     95%         2    ###....
 Sublimation of Blood     Necr           #.........   95%         2    ###....
 Swiftness                Chrm/Air       #.......     95%         2    ###....
 Call Canine Familiar     Summ           #.......     99%         3    ####...
 Confusing Touch          Hex            #.......     99%         3    ####...
 Conjure Flame            Conj/Fire      #.......     99%         3    ####...
 Dazzling Flash           Conj/Hex       #.....       99%         3    ####...
 Gell's Gravitas          Tloc           #.........   99%         3    ####...
 Inner Flame              Hex/Fire       #.......     99%         3    ####...
 Lesser Beckoning         Tloc           #.........   99%         3    ####...
 Portal Projectile        Hex/Tloc       #.....       99%         3    ####...
 Spectral Weapon          Hex/Chrm       #.......     99%         3    ####...
 Spider Form              Tmut/Pois      #.........   99%         3    ####...
 Stone Arrow              Conj/Erth      #.....       99%         3    ####...
 Summon Guardian Golem    Hex/Summ       #.......     99%         3    ####...
 Teleport Other           Tloc           #.......     99%         3    ####...
 Tukima's Dance           Hex            #.......     99%         3    ####...
 Vampiric Draining        Necr           #.........   99%         3    ####...
 Animate Dead             Necr           N/A          100%        4    #####..
 Cause Fear               Hex            #.........   100%        4    #####..
 Dispel Undead            Necr           #.......     100%        4    #####..
 Ice Form                 Ice/Tmut       #.......     100%        4    #####..
 Leda's Liquefaction      Hex/Erth       #.........   100%        4    #####..
 Passage of Golubria      Tloc           N/A          100%        4    #####..
 Petrify                  Tmut/Erth      #.......     100%        4    #####..
 Sticky Flame             Conj/Fire      #.......     100%        4    #####..
 Summon Ice Beast         Ice/Summ       #.......     100%        4    #####..
 Summon Lightning Spire   Summ/Air       #.......     100%        4    #####..
 Agony                    Necr           #.......     100%        5    ######.
 Blade Hands              Tmut           #.........   100%        5    ######.
 Bolt of Magma            Conj/Fire/Erth #.........   100%        5    ######.
 Excruciating Wounds      Chrm/Necr      #.........   100%        5    ######.
 Fireball                 Conj/Fire      #.........   100%        5    ######.
 Iskenderun's Battlesphe  Conj/Chrm      #.......     100%        5    ######.
 Lee's Rapid Deconstruct  Erth           #.........   100%        5    ######.
 Lightning Bolt           Conj/Air       #.........   100%        5    ######.
 Metabolic Englaciation   Hex/Ice        #.........   100%        5    ######.
 Yara's Violent Unravell  Hex/Tmut       #.........   100%        5    ######.
 Freezing Cloud           Conj/Ice/Air   #.........   100%        6    #######
 Iron Shot                Conj/Erth      #.........   100%        6    #######
 Ozocubu's Refrigeration  Ice            #.........   100%        6    #######
 Simulacrum               Ice/Necr       #.........   100%        6    #######
 Orb of Destruction       Conj           #.........   100%        7    #######
 Spellforged Servitor     Conj/Summ      #.........   100%        7    #######
 Chain Lightning          Conj/Air       #.........   100%        8    #######
 Lehudib's Crystal Spear  Conj/Erth      #.........   100%        8    #######
 Absolute Zero            Ice            #.........   100%        9    #######
 Fire Storm               Conj/Fire      #.........   100%        9    #######
 Tornado                  Air            #.........   100%        9    #######


Dungeon Overview and Level Annotations

Branches:
Dungeon (15/15)            Temple (1/1) D:7            Lair (6/6) D:8
 Shoals (4/4) Lair:4        Snake (4/4) Lair:2        Slime (0/5) Lair:5
    Orc (2/2) D:10            Elf (3/3) Orc:2        Vaults (4/5) D:14
  Crypt (0/3) Vaults:3     Depths (0/5) D:15          Sewer (visited)
  IceCv (visited)         Volcano (visited)         Gauntlet (visited)

Altars:
Cheibriados
Dithmenos
Elyvilon
Fedhas
Gozag
Hepliaklqana
Kikubaaqudgha
Makhleb
Trog
Uskayaw
Vehumet
Xom

Shops:
D:9 *([=%   D:10 :   D:11 }   D:12 (   Orc:1 %:   Orc:2 }==[   Elf:2 *:*
Shoals:1 (   Shoals:2 (   Vaults:3 %

Portals:
Hell: Lair:6

Annotations:
Lair:3 exclusion: 2 oklob plants


Innate Abilities, Weirdness & Mutations

You have razor-sharp teeth.
You heal very quickly.
When hurt, damage is shared between your health and your magic reserves.
Your bite disrupts and absorbs the magic of your enemies.
Potions cannot restore your health.
You are immune to rotting.


Message History

You block the ettin's attack.
The ettin hits you with a +0 dire flail!
* * * LOW HITPOINT WARNING * * *
You stomp with the beat, sending a shockwave through the revelers around you!
You are feeling very hungry.
The jumping spider changes into a moth of wrath!
The war gargoyle barely misses you.
The tengu reaver hits you but does no damage.
You block the vault warden's attack.
The war gargoyle hits you but does no damage.
The ettin hits you with a +0 dire flail!
* * * LOW HITPOINT WARNING * * *
The ettin barely misses you.
You stomp with the beat, sending a shockwave through the revelers around you!
You feel somewhat more hungry.
The war gargoyle hits you with a +0 dire flail of protection!
* * * LOW HITPOINT WARNING * * *
The moth of wrath goads the ettin on!
The ettin goes berserk!
You block the vault warden's attack. You block the tengu reaver's attack.
Uskayaw links your audience in an emotional bond!
Aim: a vault warden, wielding a +0 vorpal battleaxe and wearing a +0 chain mail (heavily wounded, sharing its pain)
The vault warden explodes violently!
You blow up the vault warden!
The runic seals fade away.
You are near starving!
The war gargoyle hits you with a +0 dire flail of protection!
* * * LOW HITPOINT WARNING * * *
The moth of wrath bites you but does no damage.
You block the ettin's attack. x2
As you read the scroll of fear, it crumbles to dust.
You assume a fearsome visage.
The tengu reaver resists with almost no effort.
The battlesphere is unaffected.
The moth of wrath looks frightened!
The war gargoyle is unaffected.
The moth of wrath changes into a swamp dragon!
The war gargoyle hits you with a +0 dire flail of protection.
* * * LOW HITPOINT WARNING * * *
You block the ettin's attack. The ettin barely misses you.
The war gargoyle launches metal splinters at you.
The spray of metal splinters misses you.
As you read the scroll of teleportation, it crumbles to dust.
You feel strangely unstable.
The ettin hits you with a +0 dire flail!!!
* * * LOW HITPOINT WARNING * * *
You block the ettin's attack. The tengu reaver casts a spell at you.
The bolt of poison hits the war gargoyle.
The war gargoyle completely resists.
The bolt of poison hits you! You resist.
You die...

.....# #)).#....##....#
'########.).#[)......G.
.......#))).+.##....# .+.
.......+....+.##)...##.+.
.......##...#[)()).....#
.......##...#))()##....#
.......##...#....##....#
.......##...#....D.....#
.......##...#...@9Q....#
.......##...#...%C*....#
###############......###
#......# ###++### ....
..... .....# ......#


You could see a tengu reaver (pain bonded), a swamp dragon shaped shifter, an
ettin (berserk, pain bonded), a war gargoyle (catching breath, pain bonded) and
a battlesphere (pain bonded).

Vanquished Creatures
  Bai Suzhen (Elf:3)
  Vashnia (Snake:2)
  Saint Roka (Vaults:1)
  2 golden dragons (Vaults:4)
  A lich (Vaults:4)
  Jorgrun (Shoals:2)
  The ghost of Naugih the Spry, an adept SpEn of Kikubaaqudgha (Elf:2)
  A titan (Shoals:2)
  3 deep elf blademasters
  Asterion (Vaults:1)
  2 deep elf master archers (Elf:3)
  A kraken (Shoals:4)
  2 sphinxes
  The ghost of Fyemash the Fencer, an adept DsBe of Trog (Snake:3)
  2 storm dragons
  The ghost of Qeojih the Thaumaturge, an adept GnVM of Cheibriados (Snake:3)
  3 tengu reavers
  Roxanne (Elf:3)
  10 nagarajas
  2 shadow dragons
  A fire giant (Vaults:3)
  Aizul (Snake:3)
  Louise (D:15)
  4 frost giants
  8 vault wardens
  3 deep elf sorcerers
  6 very ugly things
  3 deep elf elementalists (Elf:3)
  2 stone giants
  6 ironheart preservers
  A vampire knight (Vaults:3)
  7 deep elf demonologists
  10 deep elf annihilators
  An entropy weaver (Vaults:1)
  A dire elephant (Lair:6)
  Snorg (Lair:4)
  A minotaur (Gauntlet)
  10 merfolk impalers
  4 merfolk javelineers
  6 deep elf death magi
  2 fire dragons (Vaults:4)
  5 ogre magi
  2 great orbs of eyes
  5 yaktaur captains
  5 deep elf high priests
  10 naga warriors
  8 hydras
  12 vault guards
  A rakshasa (Vaults:2)
  3 catoblepae
  6 ice dragons
  9 centaur warriors
  2 merfolk aquamancers
  2 alligator snapping turtles
  3 merfolk avatars
  34 dancing weapons
  A death knight (D:13)
  20 two-headed ogres
  13 anacondas
  4 deep troll shamans
  A vampire mage (Vaults:3)
  A hell hog (Volcano)
  An orc high priest (Elf:1)
  4 satyrs
  18 naga sharpshooters
  6 shock serpents
  Sonja (Orc:1)
  A sun demon (Lair:6)
  16 deep elf knights
  5 skeletal warriors (D:14)
  4 salamander mystics
  7 deep trolls
  3 unseen horrors
  An unseen horror (shapeshifter) (D:15)
  A glowing orange brain (Vaults:4)
  6 wizards
  11 sea snakes
  3 large abominations
  An obsidian statue (Elf:2)
  5 ironbrand convokers
  4 lindwurms (Lair:6)
  10 naga ritualists
  16 deep elf archers
  A phantasmal warrior (D:12)
  12 harpies
  50 deep elf magi
  7 orc knights
  48 ugly things
  A wolf spider (Vaults:2)
  23 mana vipers
  A necromancer (Vaults:2)
  2 orc sorcerers
  7 salamanders
  13 cyclopes
  2 human zombies (Vaults:2)
  18 manticores
  11 fauns
  3 ice statues (IceCv)
  6 guardian serpents
  2 molten gargoyles (Gauntlet)
  6 water nymphs
  56 black mambas
  8 merfolk sirens
  5 gargoyles
  A smoke demon (Lair:6)
  4 orange demons (Lair:6)
  19 naga magi
  4 spiny frogs
  A spiny frog (shapeshifter) (D:12)
  A yaktaur zombie (Vaults:2)
  7 vault sentinels
  A storm dragon simulacrum (Vaults:3)
  2 ice devils (Lair:6)
  3 freezing wraiths
  4 rime drakes (Lair:6)
  9 komodo dragons
  22 yaktaurs
  A yaktaur skeleton (Vaults:2)
  A human skeleton (Vaults:2)
  A harpy zombie (D:15)
  19 trolls
  35 merfolk
  5 wind drakes
  A polar bear (Lair:4)
  3 hornets
  27 slime creatures
  8 blink frogs
  14 hippogriffs
  10 snapping turtles
  16 dream sheep
  A hippogriff (shapeshifter) (Vaults:3)
  A meliai zombie (D:14)
  4 redbacks (Vaults:1)
  10 water elementals
  6 air elementals
  A yak (shapeshifter) (Vaults:3)
  5 wyverns
  5 wraiths
  A hog (shapeshifter) (Elf:2)
  20 humans
  58 yaks
  4 basilisks
  4 hogs (D:7)
  A hungry ghost (D:8)
  A basilisk (shapeshifter) (Elf:2)
  5 fire bats
  7 vampire mosquitoes
  2 steam dragons
  5 fire elementals
  A swamp worm (shapeshifter) (Elf:2)
  56 nagas
  4 wargs
  15 water moccasins
  2 soldier ants
  4 hell hounds
  5 porcupines
  2 acid dragons
  30 orc warriors
  5 sky beasts
  2 phantoms
  3 small abominations (Gauntlet)
  11 ice beasts
  2 black bears (D:8)
  40 ogres
  3 wolves (Lair:4)
  21 centaurs
  16 crocodiles
  2 big kobolds
  19 bullfrogs
  A gnoll sergeant (D:11)
  6 earth elementals
  A wyvern skeleton (D:13)
  7 scorpions
  5 killer bees (D:8)
  12 wights
  2 electric eels (D:12)
  5 centaur zombies
  4 crimson imps
  A bullfrog zombie (D:7)
  17 orc priests
  A quasit (D:9)
  7 jellies
  8 hounds
  26 orc wizards
  7 centaur skeletons
  Crazy Yiuf (D:5)
  5 bullfrog skeletons
  Ijyb (D:4)
  3 gnoll shamans (D:13)
  2 iguanas
  2 hell rats (Lair:3)
  9 worker ants
  A killer bee zombie (D:7)
  A hound skeleton (D:7)
  A howler monkey zombie (D:9)
  A worker ant zombie (D:9)
  19 gnolls
  8 river rats (Lair:3)
  26 adders
  5 shadow imps
  2 oozes (D:1)
  An adder skeleton (D:7)
  An adder zombie (D:5)
  7 worms
  8 leopard geckos
  101 orcs
  14 bats
  16 giant cockroaches
  11 goblins
  10 hobgoblins
  20 jackals
  8 quokkas
  6 ball pythons
  10 frilled lizards
  14 kobolds
  A quokka zombie (D:8)
  6 rats
  3 crawling corpses (Elf:3)
  A plant (D:13)
  3 tentacles (Shoals:4)
1711 creatures vanquished.

Vanquished Creatures (others)
  A nagaraja (Snake:4)
  A deep elf knight (Elf:3)
  A black mamba (Snake:3)
  2 orc wizards
  8 fungi
  5 plants
  9 tentacles (Shoals:4)
  4 withered plants (Snake:3)
31 creatures vanquished.

Grand Total: 1742 creatures vanquished

Notes
Turn   | Place    | Note
-------+----------+-------------------------------------------
     0 | D:1      | vurker the Vine Stalker Assassin began the quest for the
                  | Orb.
     0 | D:1      | Reached XP level 1. HP: 11/11 MP: 2/2
    21 | D:1      | Reached XP level 2. HP: 15/15 MP: 3/3
   724 | D:1      | Reached XP level 3. HP: 18/18 MP: 2/4
  1007 | D:1      | You fall into a shaft and drop 1 floor!
  1337 | D:2      | Gained mutation: Your natural rate of healing is unusually
                  | fast. [Vine Stalker growth]
  1337 | D:2      | Reached XP level 4. HP: 8/23 MP: 5/5
  1984 | D:2      | Reached XP level 5. HP: 28/28 MP: 6/6
  2781 | D:3      | Reached XP level 6. HP: 25/32 MP: 5/7
  3155 | D:3      | Reached skill level 5 in Short Blades
  3510 | D:4      | Got an ancient chain mail
  3521 | D:4      | Identified the +8 chain mail "Qinyrhok" {+Inv rN+ Int-3
                  | Stlth+} (You found it on level 4 of the Dungeon)
  3586 | D:4      | Noticed Ijyb
  3596 | D:4      | Killed Ijyb
  3635 | D:4      | Reached XP level 7. HP: 32/37 MP: 6/8
  4348 | D:5      | Entered Level 5 of the Dungeon
  4544 | D:5      | Got a twisted short sword
  4545 | D:5      | Identified the +4 short sword of the Eel {venom, rElec}
                  | (You found it on level 5 of the Dungeon)
  4872 | D:5      | Found a runed translucent door.
  4873 | D:5      | Noticed Crazy Yiuf
  5037 | D:5      | Killed Crazy Yiuf
  5112 | D:6      | Gained mutation: You have razor-sharp teeth. [Vine Stalker
                  | growth]
  5112 | D:6      | Reached XP level 8. HP: 41/42 MP: 9/9
  5183 | D:6      | Reached skill level 5 in Fighting
  5579 | D:6      | Noticed a troll
  5589 | D:6      | Killed a troll
  5652 | D:6      | Reached XP level 9. HP: 46/48 MP: 10/10
  5677 | D:6      | Found a glowing drain.
  5692 | Sewer    | Entered a sewer
  6408 | D:6      | Found a blossoming altar of Fedhas.
  7042 | D:7      | Reached skill level 10 in Short Blades
  7126 | D:7      | Reached XP level 10. HP: 52/55 MP: 11/11
  7345 | D:7      | Found a staircase to the Ecumenical Temple.
  7487 | Temple   | Entered the Ecumenical Temple
  7563 | Temple   | Became a worshipper of Uskayaw the Reveler
  7608 | D:8      | Reached * piety under Uskayaw
  7623 | D:8      | Reached ** piety under Uskayaw
  7730 | D:8      | Found a shadowy altar of Dithmenos.
  7739 | D:8      | Reached skill level 1 in Invocations
  7894 | D:8      | Reached *** piety under Uskayaw
  7939 | D:8      | Reached **** piety under Uskayaw
  7946 | D:8      | Reached ***** piety under Uskayaw
  8202 | D:8      | Found a staircase to the Lair.
  8252 | D:8      | Reached ****** piety under Uskayaw
  8712 | D:9      | Found Wonged's Food Boutique.
  8743 | D:9      | Found Irimon's Jewellery Shop.
  8836 | D:9      | Found Agram's General Store.
  9015 | D:9      | Found Kekk's Armour Shoppe.
  9167 | D:9      | Found Muwk's Antique Weapon Shop.
  9192 | D:8      | Reached XP level 11. HP: 60/60 MP: 15/15
  9631 | D:10     | Entered Level 10 of the Dungeon
  9819 | D:10     | Found a staircase to the Orcish Mines.
 10057 | D:10     | Reached skill level 1 in Dodging
 10268 | D:10     | Reached skill level 1 in Armour
 10347 | D:10     | Found Kiunyo's Book Shoppe.
 10619 | D:10     | Reached skill level 5 in Invocations
 11235 | D:11     | Noticed a two-headed ogre
 11242 | D:11     | Killed a two-headed ogre
 11353 | D:11     | Noticed a six-headed hydra
 11367 | D:11     | Killed a six-headed hydra
 11500 | D:11     | Noticed a cyan ugly thing
 11522 | D:11     | Killed a cyan ugly thing
 11522 | D:11     | Gained mutation: You heal very quickly. [Vine Stalker
                  | growth]
 11522 | D:11     | Reached XP level 12. HP: 53/67 MP: 17/17
 11802 | D:11     | Found Panun's Gadget Boutique.
 12028 | Lair:1   | Entered Level 1 of the Lair of Beasts
 12028 | Lair:1   | Noticed a seven-headed hydra
 12041 | D:8      | Killed a seven-headed hydra
 12201 | Lair:1   | Reached skill level 10 in Fighting
 12244 | Lair:1   | Noticed an eight-headed hydra
 12253 | Lair:1   | Killed an eight-headed hydra
 12687 | Lair:1   | Noticed a six-headed hydra
 12698 | Lair:1   | Killed a six-headed hydra
 13121 | Lair:2   | Found a staircase to the Snake Pit.
 14186 | Lair:3   | Reached skill level 5 in Dodging
 14237 | Lair:3   | Found a frozen archway.
 14279 | Lair:3   | Noticed a catoblepas
 14305 | Lair:3   | Killed a catoblepas
 14305 | Lair:3   | Reached skill level 5 in Armour
 14342 | IceCv    | Entered an ice cave
 14360 | IceCv    | Reached XP level 13. HP: 73/73 MP: 20/20
 15185 | D:9      | Bought the amulet of Necegut {rPois rF+ Regen+ Slay+3} for
                  | 1033 gold pieces
 15583 | Lair:4   | Found a dark tunnel.
 15595 | Volcano  | Entered a volcano
 16236 | Lair:4   | Found a staircase to the Shoals.
 16246 | Lair:4   | Noticed Snorg
 16267 | Lair:4   | Reached skill level 10 in Invocations
 16269 | Lair:4   | Killed Snorg
 16690 | Lair:5   | Found a staircase to the Slime Pits.
 16899 | Lair:5   | Found a white marble altar of Elyvilon.
 17289 | Lair:6   | Entered Level 6 of the Lair of Beasts
 17415 | Lair:6   | Reached XP level 14. HP: 80/80 MP: 22/22
 17630 | Lair:6   | Found a burning altar of Makhleb.
 17809 | Lair:6   | Found a gateway to Hell.
 17817 | Lair:6   | Got a pair of jewelled boots
 17871 | Lair:6   | Noticed a dire elephant
 17888 | Lair:6   | Killed a dire elephant
 17904 | Lair:6   | Identified the +0 pair of boots of Mezcal {rC+ MR- Regen+
                  | Str+4} (You found it on level 6 of the Lair of Beasts)
 18308 | Lair:6   | Got a faintly humming cloak
 18838 | Orc:1    | Entered Level 1 of the Orcish Mines
 18838 | Orc:1    | Found Upamuliy's Book Shoppe.
 18889 | Orc:1    | Found Osaytof's Food Boutique.
 19065 | Orc:1    | Noticed Sonja
 19081 | Orc:1    | Killed Sonja
 19403 | Orc:2    | Entered Level 2 of the Orcish Mines
 19598 | Orc:2    | Found a bloodstained altar of Trog.
 19674 | Orc:2    | Found a staircase to the Elven Halls.
 19723 | Orc:2    | Found Waemigei's Armour Emporium.
 19728 | Orc:2    | Found Viojieme's Jewellery Shoppe.
 20055 | Orc:2    | Reached XP level 15. HP: 78/86 MP: 25/25
 20137 | Orc:2    | Found Nabifrag's Jewellery Boutique.
 20172 | Orc:2    | Found Lemepec's Gadget Emporium.
 20726 | Orc:2    | Identified the +4 cloak "Gixtuzxa" {rPois rF+ Dex+3} (You
                  | found it on level 6 of the Lair of Beasts)
 20727 | Orc:2    | Bought the +0 pair of gloves "Hesupn" {Regen+ Dex+4 SInv}
                  | for 241 gold pieces
 20727 | Orc:2    | Bought a +2 kite shield of cold resistance for 215 gold
                  | pieces
 20748 | Orc:2    | Bought the ring "Udouxt" {rF+ MR+} for 585 gold pieces
 20917 | D:12     | Found Zatowicw's Weapon Shoppe.
 20934 | D:12     | Reached skill level 1 in Shields
 23508 | D:14     | Found a gate to the Vaults.
 23766 | D:14     | Reached skill level 5 in Shields
 23808 | D:14     | Reached XP level 16. HP: 92/92 MP: 26/26
 24041 | D:14     | Identified the cursed +1 war axe "Nuorch" {vorpal, rElec
                  | MP+9 Str-4}
 24156 | D:15     | Entered Level 15 of the Dungeon
 24256 | D:15     | Found a gate leading to a gauntlet.
 24265 | Gauntlet | Entered a Gauntlet
 24265 | Gauntlet | Found a transporter.
 24274 | Gauntlet | Found a transporter.
 24275 | Gauntlet | Found a transporter.
 24284 | Gauntlet | Found a transporter.
 24286 | Gauntlet | Found a transporter.
 24297 | Gauntlet | Found a transporter.
 24313 | Gauntlet | Found a transporter.
 24323 | Gauntlet | Found a transporter.
 24330 | Gauntlet | Found a runed translucent door.
 24334 | Gauntlet | Found a transporter.
 24345 | Gauntlet | Found a transporter.
 24347 | Gauntlet | Found a transporter.
 24363 | Gauntlet | Found a transporter.
 24374 | Gauntlet | Found a transporter.
 24416 | Gauntlet | Found a transporter.
 24487 | Gauntlet | Got a bound ivory amulet
 24492 | Gauntlet | Identified the amulet of Otizeth {RegenMP rF+ rN+ Str+4}
                  | (You found it in a Gauntlet)
 24509 | Gauntlet | Got an ancient hat
 24534 | Gauntlet | Identified the +4 hat of Leaves {*Corrode +Inv Str+5 SInv}
                  | (You found it in a Gauntlet)
 24657 | Gauntlet | Identified the Compendium of Enhancements and the Escort
 25085 | D:15     | Noticed Louise
 25111 | D:15     | Killed Louise
 25170 | D:15     | Identified the Papyrus of the Birds
 25270 | D:15     | Found a staircase to the Depths.
 25749 | Snake:1  | Entered Level 1 of the Snake Pit
 25860 | Snake:1  | Reached skill level 10 in Dodging
 26041 | Snake:1  | Found a bloodstained altar of Trog.
 26790 | Snake:2  | Reached XP level 17. HP: 97/97 MP: 28/28
 26876 | Snake:2  | Reached skill level 5 in Stealth
 27388 | Snake:2  | Noticed Vashnia
 27477 | Snake:2  | Killed Vashnia
 28054 | Snake:3  | Found a runed translucent gate.
 28054 | Snake:3  | Found a runed translucent gate.
 28054 | Snake:3  | Found a runed translucent gate.
 28381 | Snake:3  | Noticed Qeojih's ghost (adept GnVM)
 28381 | Snake:3  | Noticed Fyemash's ghost (adept DsBe)
 28430 | Snake:3  | Reached skill level 10 in Armour
 28446 | Snake:3  | Noticed Aizul
 28473 | Snake:3  | Killed Aizul
 28476 | Snake:3  | Reached skill level 10 in Shields
 28803 | Snake:3  | Killed Qeojih's ghost
 28803 | Snake:3  | Reached XP level 18. HP: 86/102 MP: 29/29
 28835 | Snake:3  | Killed Fyemash's ghost
 28855 | Snake:3  | Reached XP level 19. HP: 107/107 MP: 30/30
 28875 | Snake:4  | Entered Level 4 of the Snake Pit
 29008 | Snake:4  | Reached skill level 1 in Evocations
 29132 | Snake:4  | Reached skill level 15 in Fighting
 29441 | Snake:4  | Reached skill level 10 in Stealth
 29508 | Snake:4  | Got a serpentine rune of Zot
 30294 | Shoals:1 | Entered Level 1 of the Shoals
 30587 | Shoals:1 | Found Jekhlistriru's Antique Weapon Shop.
 31401 | Shoals:2 | Reached XP level 20. HP: 113/113 MP: 32/32
 31438 | Shoals:2 | Identified a scroll of acquirement
 31489 | Shoals:2 | Noticed Jorgrun
 31506 | Shoals:2 | Killed Jorgrun
 31918 | Shoals:2 | Found Ipherin's Weapon Shoppe.
 31921 | Shoals:2 | Bought a +0 quick blade for 240 gold pieces
 32481 | Shoals:3 | Reached skill level 5 in Evocations
 33078 | Shoals:4 | Entered Level 4 of the Shoals
 33343 | Shoals:4 | Reached skill level 15 in Invocations
 33514 | Shoals:4 | Got a barnacled rune of Zot
 34968 | Elf:1    | Entered Level 1 of the Elven Halls
 35194 | Elf:1    | Found a runed translucent gate.
 35194 | Elf:1    | Found a runed translucent gate.
 35194 | Elf:1    | Found a runed translucent gate.
 35194 | Elf:1    | Found a runed translucent gate.
 35194 | Elf:1    | Found a runed translucent gate.
 35198 | Elf:1    | Found a runed translucent gate.
 35628 | Elf:1    | Reached XP level 21. HP: 119/119 MP: 33/33
 36085 | Elf:2    | Found Yhaeweem's Book Shop.
 36095 | Elf:2    | Found a runed translucent gate.
 36095 | Elf:2    | Found a runed translucent gate.
 36095 | Elf:2    | Found a runed translucent gate.
 36100 | Elf:2    | Found an opulent altar of Gozag.
 36102 | Elf:2    | Found Pentuero's Assorted Antiques.
 36104 | Elf:2    | Noticed Naugih's ghost (adept SpEn)
 36106 | Elf:2    | Found Niggimu's Assorted Antiques.
 36191 | Elf:2    | Found a runed translucent gate.
 36191 | Elf:2    | Found a runed translucent gate.
 36191 | Elf:2    | Found a runed translucent gate.
 37044 | Elf:2    | Killed Naugih's ghost
 37147 | Elf:2    | Bought a pitted dagger for 189 gold pieces
 37147 | Elf:2    | Identified the +6 dagger of Descent {pain, +Rage rF+ MR+++
                  | Dex-2} (You bought it in a shop on level 2 of the Elven
                  | Halls)
 37187 | Elf:3    | Entered Level 3 of the Elven Halls
 37430 | Elf:3    | Got a pair of ichor-stained gloves
 37431 | Elf:3    | Identified the -1 pair of gloves "Ovvewk" {rCorr} (You
                  | found it on level 3 of the Elven Halls)
 37463 | Elf:3    | Identified Roxanne's Handbook of Earth
 37463 | Elf:3    | Noticed Roxanne
 37497 | Elf:3    | Killed Roxanne
 37904 | Elf:3    | Reached skill level 15 in Stealth
 38007 | Elf:3    | Identified the +1 great sword "Jelly's Doom" {holy, rF+
                  | Int+4 SInv Stlth-}
 38044 | Elf:3    | Identified the cursed +1 scythe of Descent {vorpal, Stlth+}
 38044 | Elf:3    | Noticed Bai Suzhen
 38167 | Elf:3    | Killed Bai Suzhen
 38167 | Elf:3    | Reached XP level 22. HP: 124/124 MP: 34/34
 38604 | Elf:3    | Identified a +2 pair of boots of running (You found it on
                  | level 3 of the Elven Halls)
 38616 | Elf:3    | Got a brightly glowing war axe
 38646 | Elf:3    | Got a smoking mace
 38678 | Elf:3    | Got a dazzling whip
 38684 | Elf:3    | Got a bloodstained morningstar
 38853 | Elf:2    | Bought a manual of Armour for 2208 gold pieces
 39156 | Vaults:1 | Entered Level 1 of the Vaults
 39221 | Vaults:1 | Noticed Saint Roka
 39240 | Vaults:1 | Killed Saint Roka
 39515 | Vaults:1 | Got a transparent trident
 39541 | Vaults:1 | Reached skill level 15 in Shields
 39727 | Vaults:1 | Noticed Asterion
 39733 | Vaults:1 | Killed Asterion
 41336 | Vaults:3 | Reached XP level 23. HP: 130/130 MP: 36/36
 41401 | Vaults:3 | Got a faintly glowing dagger
 41461 | Vaults:3 | Identified the cursed +1 dagger of Tortfeasance {freeze,
                  | rElec Str+2 Int+2 SInv} (You found it on level 3 of the
                  | Vaults)
 41723 | Vaults:3 | Found a staircase to the Crypt.
 41946 | Vaults:3 | Found Wimeed's Food Shoppe.
 42715 | Vaults:4 | Noticed a golden dragon
 42741 | Vaults:4 | Killed a golden dragon
 42747 | Vaults:4 | Noticed a golden dragon
 42766 | Vaults:4 | Killed a golden dragon
 42780 | Vaults:4 | Reached skill level 15 in Armour
 42824 | Vaults:4 | HP: 3/131 [ettin/+0 dire flail (42)]
 42824 | Vaults:4 | Killed from afar by a tengu reaver

Illustrated notes

Levels and vault maps discovered:
D:1:      sevenhm_arrival_forest_fort_small_3, layout_loops_corners,
          minmay_vboxes
D:2:      layout_basic, first_ration
D:3:      minmay_spotlight, layout_loops_ring, cheibrodos_gnoll_hut
D:4:      layout_basic, uniq_ijyb
D:5:      layout_rooms, uniq_crazy_yiuf_cottage
D:6:      layout_loops_corners, cheibrodos_sewer_entry_bend, basic_altar
D:7:      layout_basic, minmay_temple_entry_hall, grunt_livestock,
          minmay_alternating_orb
D:8:      layout_loops_ring, nicolae_dithmenos_shadow_blocks,
          david_lair_generic, kennysheep_diamond
D:9:      layout_loops_ring, serial_shops, shop_coins, shop, kennysheep_mini,
          shop, nicolae_shop_statue_plus
D:10:     layout_long_grid, hiddenorc1_lemuel, serial_shops,
          kennysheep_mini_moat, minmay_checkerbox
D:11:     layout_layer_cave, serial_shops, shop
D:12:     layout_basic, serial_shops, shop, moated_statue
D:13:     kennysheep_seaside_town, layout_gridville, kennysheep_generic_room_6
D:14:     layout_cave_pods, grunt_vaults_entry_tiered
D:15:     grunt_enter_depths_hoard, layout_cave_pods, gauntlet_entry_generic,
          abandoned_shop, uniq_louise
Temple:   roderic_octagonal_lattice_temple
Lair:1:   layout_cave_pods
Lair:2:   layout_cave_pods, minmay_snake_entry_six_corridors,
          columned_hall_lemuel
Lair:3:   layout_regular_city, portal_ice_cave_entry_pillars_1,
          kennysheep_rathole, serial_bayou_shore_a, minmay_lair_oklob_chamber
Lair:4:   layout_long_grid, elwin_shoals_entry_rocks,
          nicolae_volcano_entry_batcave, uniq_snorg
Lair:5:   layout_hall_layers, minmay_slime_entry_pillars, basic_altar,
          grunt_megastairs_4, infiniplex_staircase_pool
Lair:6:   evil_forest, layout_regular_city, minmay_lindwurm_lava
Shoals:1: layout_shoals, serial_shops, shop, nicolae_shoals_square_sea_wall
Shoals:2: cheibrodos_shoals_gigantism, layout_shoals, serial_shops,
          nicolae_shop_behind_doors, uniq_jorgrun
Shoals:3: layout_shoals
Shoals:4: shoals_end_hangedman, layout_shoals, yaktaur_hedge
Snake:1:  layout_chambers, basic_altar, grunt_ministairs_3
Snake:2:  layout_chambers, serial_bayou_lagoon_a, drop_trap, uniq_vashnia
Snake:3:  layout_rooms, gammafunk_ghost_cemetery, uniq_aizul
Snake:4:  johnstein_snake_rune_scales, layout_cave_town, serial_bayou_pond_e,
          nicolae_snake_serpentine_hallways, grunt_megastairs_3
Orc:1:    layout_diamond_mine, serial_shops, shop, nicolae_shop_waterfront,
          uniq_sonja
Orc:2:    st_orc_open, layout_diamond_mine, bloody_trog
Elf:1:    layout_onion_city, orc_legates
Elf:2:    layout_onion_city, serial_shops, shop, ebering_ghost_gozag,
          nicolae_elf_glass_and_crystal_pillar_1
Elf:3:    elf_hall_gauntlet_wide, layout_loops_cross, uniq_roxanne,
          uniq_bai_suzhen
Vaults:1: hangedman_vaults_stretched_pinwheel, ontoclasm_vaults_pinch,
          v_pattern_2, v_misc_1, hangedman_vaults_capsules,
          nicolae_vaults_border_crossing, ontoclasm_vaults_twist,
          vaults_room_grunt_arrival_checkpoint, ontoclasm_vaults_ring_square,
          ontoclasm_vaults_fault, layout_vaults_omnicross, uniq_saint_roka,
          uniq_asterion
Vaults:2: v_misc_2, nicolae_vaults_ring_of_whatevers, hangedman_vaults_snaps,
          vaults_room_hallway, hangedman_vaults_stitches,
          nicolae_vaults_circle_grid_a, hangedman_vaults_nails,
          hangedman_vaults_maws, grunt_vaults_hallway_long, vaults_room_pool,
          layout_vaults_big_room
Vaults:3: hangedman_vaults_hard_town_square, nicolae_vaults_network_barrier,
          v_pattern_3, vaults_dpeg_ring, minmay_crypt_entry_simple_statues,
          nicolae_vaults_shelves_hall, nicolae_vaults_little_ls,
          hangedman_vaults_river_flow, nicolae_vaults_yaktaur_gun_rack,
          layout_vaults_quadrants, serial_shops, shop
Vaults:4: nicolae_vaults_asterisk, st_greater_box_2,
          hangedman_vaults_restitches, ontoclasm_vaults_spin, v_misc_2,
          v_alt_pattern_6, nicolae_vaults_three_branches, vaults_room_pools,
          vaults_room_door_hall, vaults_room_pool,
          nicolae_vaults_little_squares_1, layout_vaults_maze_snakey

Skill      XL: |  1  2  3  4  5  6  7  8  9 10 11 12 13 14 15 16 17 18 19 20 21 22 23 |
---------------+----------------------------------------------------------------------+-----
Fighting       | 2 3 4 6 7 8 9 10 12 13 14 15 16 17 | 17.4
Short Blades   | 2 3 4 5 6 8 10 11 12 | 12.0
Invocations    | 4 6 8 10 12 13 14 15 16 17 | 17.4
Dodging        | 3 5 6 7 9 10 | 10.8
Armour         | 3 5 6 7 8 9 10 11 13 15 | 15.0
Shields        | 5 7 10 12 13 14 15 | 15.0
Stealth        | 7 9 10 13 15 16 | 16.1
Evocations     | 4 5 |  5.0
Throwing       | |  1.7

Action                   |  1- 3 |  4- 6 |  7- 9 | 10-12 | 13-15 | 16-18 | 19-21 | 22-24 || total
-------------------------+-------+-------+-------+-------+-------+-------+-------+-------++-------
Melee: Dagger            |   107 |    97 |       |    95 |    37 |   681 |   278 |   147 ||  1442
       Bite              |    18 |    44 |   130 |   339 |   671 |   541 |   846 |   406 ||  2995
       Short sword       |       |    92 |   358 |   798 |  1407 |   297 |  1336 |   581 ||  4869
Throw: Dart              |       |     5 |       |       |     1 |       |    21 |       ||    27
       Javelin           |       |       |       |       |       |       |    48 |    12 ||    60
Invok: Stomp             |       |       |       |       |       |       |     6 |     3 ||     9
       Grand Finale      |       |       |       |       |       |       |     1 |     1 ||     2
 Abil: Evoke Flight      |       |       |       |       |     3 |       |       |       ||     3
       Evoke Invisibilit |       |       |       |       |       |       |     1 |       ||     1
Evoke: Wand              |       |       |       |       |     4 |     7 |     6 |     2 ||    19
  Use: Scroll            |       |    10 |     5 |     7 |     4 |     6 |    11 |     5 ||    48
       Potion            |       |       |       |       |       |     1 |       |       ||     1
 Stab: Sleeping          |     8 |    12 |       |       |       |     2 |    21 |    18 ||    61
       Paralysed         |       |       |       |    47 |   102 |    72 |    85 |    71 ||   377
       Petrified         |       |       |       |       |     2 |       |       |       ||     2
       Distracted        |       |       |       |       |       |       |     2 |     1 ||     3
       Invisible         |       |       |       |       |       |       |     1 |       ||     1
  Eat: Chunk             |     1 |     7 |    12 |    22 |    25 |     9 |    24 |    14 ||   114
       Ration            |       |       |       |     1 |     2 |     2 |     3 |       ||     8
Armor: Robe              |    32 |    41 |       |       |       |       |       |       ||    73
       Chain mail        |       |     9 |   139 |   334 |   467 |   185 |   483 |   165 ||  1782
Dodge: Dodged            |    70 |    84 |   133 |   313 |   675 |   304 |   509 |   177 ||  2265
Block: Kite shield       |       |       |       |       |   242 |   457 |   970 |   333 ||  2002

Table legend:
 A = Non-vault XP
 B = Vault XP
 C = Vault XP percentage of total XP
 D = Non-vault monster count
 E = Vault monster count
 F = Vault count percentage of total count
                 A         B        C        D         E       F
            +---------+---------+-------+---------+---------+-------
      Total |  364543 |  362011 |  49.8 |    1102 |     606 |  35.5
            +---------+---------+-------+---------+---------+-------
        D:1 |      60 |       5 |   7.7 |      30 |       4 |  11.8
        D:2 |     117 |       0 |   0.0 |      27 |       0 |   0.0
        D:3 |     207 |     106 |  33.9 |      29 |       8 |  21.6
        D:4 |     135 |      36 |  21.1 |       7 |       1 |  12.5
        D:5 |     459 |      41 |   8.2 |      18 |       1 |   5.3
        D:6 |    1271 |      10 |   0.8 |      20 |       2 |   9.1
        D:7 |     627 |    1461 |  70.0 |      19 |      15 |  44.1
        D:8 |    3924 |    1015 |  20.6 |      45 |       5 |  10.0
        D:9 |    1103 |       0 |   0.0 |      14 |       0 |   0.0
       D:10 |    1826 |     848 |  31.7 |      32 |      21 |  39.6
       D:11 |    6390 |       0 |   0.0 |      41 |       0 |   0.0
       D:12 |   14024 |       0 |   0.0 |      67 |       0 |   0.0
       D:13 |    8118 |    1634 |  16.8 |      34 |      27 |  44.3
       D:14 |   16642 |    8497 |  33.8 |      40 |      25 |  38.5
       D:15 |   10993 |    3648 |  24.9 |      27 |       3 |  10.0
     Lair:1 |    7327 |       0 |   0.0 |      26 |       0 |   0.0
     Lair:2 |     818 |    1299 |  61.4 |       5 |      15 |  75.0
     Lair:3 |    2542 |     180 |   6.6 |      10 |      12 |  54.5
     Lair:4 |    5617 |    1758 |  23.8 |      24 |       4 |  14.3
     Lair:5 |    4880 |    1019 |  17.3 |      19 |       5 |  20.8
     Lair:6 |    4509 |   13001 |  74.2 |      12 |      30 |  71.4
   Shoals:1 |   18914 |       0 |   0.0 |      41 |       0 |   0.0
   Shoals:2 |   16095 |    8302 |  34.0 |      30 |       5 |  14.3
   Shoals:3 |   11674 |       0 |   0.0 |      25 |       0 |   0.0
   Shoals:4 |   15442 |   18817 |  54.9 |      34 |      29 |  46.0
    Snake:1 |   18833 |    1237 |   6.2 |      37 |       2 |   5.1
    Snake:2 |   32338 |    7489 |  18.8 |      61 |       4 |   6.2
    Snake:3 |   22715 |    6088 |  21.1 |      43 |       3 |   6.5
    Snake:4 |    8421 |   45110 |  84.3 |      18 |      69 |  79.3
      Orc:1 |    2814 |    5952 |  67.9 |      38 |       9 |  19.1
      Orc:2 |     769 |   10804 |  93.4 |      12 |      29 |  70.7
      Elf:1 |   15791 |   19672 |  55.5 |      29 |      32 |  52.5
      Elf:2 |    8230 |   27642 |  77.1 |      15 |      35 |  70.0
      Elf:3 |   34070 |   48280 |  58.6 |      54 |      30 |  35.7
   Vaults:1 |   21380 |   28891 |  57.5 |      32 |      42 |  56.8
   Vaults:2 |   16595 |   14574 |  46.8 |      32 |      20 |  38.5
   Vaults:3 |   16427 |   28970 |  63.8 |      33 |      31 |  48.4
   Vaults:4 |   12446 |   43148 |  77.6 |      22 |      35 |  61.4
      Sewer |       0 |     237 | 100.0 |       0 |      20 | 100.0
      IceCv |       0 |    3283 | 100.0 |       0 |      11 | 100.0
    Volcano |       0 |    3956 | 100.0 |       0 |      10 | 100.0
   Gauntlet |       0 |    5001 | 100.0 |       0 |      12 | 100.0
            +---------+---------+-------+---------+---------+-------
